 Dungeon Crawl Stone Soup version 0.26.0-10-g1f06aea511 (webtiles) character file.

Game seed: 4347870495299982763

2 Goblin1989 the Sneak (level 1, 0/18 HPs)
             Began as a Demonspawn Delver on Jan 26, 2021.
             Slain by an adder (4 damage)
             ... on level 4 of the Dungeon.
             The game lasted 00:00:45 (101 turns).

Goblin1989 the Sneak (Demonspawn Delver)             Turns: 101, Time: 00:00:45

Health: 0/18       AC:  3    Str: 12    XL:     1   Next: 33%
Magic:  1/1        EV: 12    Int: 11    God:
Gold:   20         SH:  0    Dex: 14    Spells: 0/0 levels left

rFire    . . .     SeeInvis .   a - +0 short sword
rCold    . . .     Faith    .   (no shield)
rNeg     . . .     Spirit   .   b - +0 leather armour
rPois    .         Reflect  .   (no helmet)
rElec    .         Harm     .   (no cloak)
rCorr    .         Rampage  .   (no gloves)
Will     .....                  (no boots)
Stlth    ++........             (no amulet)
HPRegen  0.06/turn              (no ring)
MPRegen  0.07/turn              (no ring)

@: no status effects
A: no striking features
a: no special abilities


You were on level 4 of the Dungeon.
You visited 1 branch of the dungeon, and saw 2 of its levels.

You collected 20 gold pieces.

Inventory:

Hand Weapons
 a - a +0 short sword (weapon)
Armour
 b - a +0 leather armour (worn)
Wands
 g - a wand of digging (3) {@v1}
Scrolls
 c - a scroll of fog
 e - a scroll of fear
 M - a scroll of magic mapping
Potions
 f - a potion of haste {@q3,}
 N - a potion of invisibility {unknown}
 O - a potion of attraction {unknown}


   Skills:
 - Level 3.0 Fighting
 + Level 2.0 Short Blades
 - Level 1.7 Dodging
 - Level 4.5 Stealth


You couldn't memorise any spells.
You didn't know any spells.
Your spell library was empty.

Dungeon Overview and Level Annotations

Branches:
Dungeon (5/15)
 Temple: D:4-7

Altars:

Annotations:
D:4 2 runed translucent doors


Message History

You become a demigod!
Welcome, Goblin1989 the Demonspawn Delver.
It is said that the Orb of Zot exists deep within this dungeon.
Press ? for a list of commands and other information.
Found a stone staircase leading down.
Found a scimitar.
Found a purple potion.
N - a purple potion
Found a stone staircase leading up.
A jackal comes into view.
Found a dagger.
A jackal comes into view.
The jackal barks!
There is a stone staircase leading up here.
The jackal bites you but does no damage.
You barely miss the jackal. The jackal misses you.
The jackal bites you but does no damage.
You barely miss the jackal.
The jackal bites you but does no damage.
You hit the jackal.
You kill the jackal!
The jackal closely misses you.
You hit the jackal.
The jackal is heavily wounded.
The jackal bites you but does no damage.
You closely miss the jackal.
The jackal is heavily wounded.
The jackal completely misses you. The jackal bites you.
You take 1 damage, and have 17/18 hp.
You hit the jackal.
You kill the jackal!
Your Short Blades skill increases to level 2!
Health restored: 18
There is a stone staircase leading up here.
You climb upwards.
Found a cyan potion and 14 gold pieces.
There is a stone staircase leading down here.
O - a cyan potion You hit the bush but do no damage.
You now have 14 gold pieces.
Found 37 gold pieces.
Found a runed translucent gate.
Found 25 arrows.
You see here 25 arrows.
You open the door.
A worker ant, an orc and an orc wizard come into view.
The orc wizard is wielding a +1 dagger of speed.
Found a scroll labelled VEZORE BEEV.
A howler monkey comes into view.
The orc wizard shouts!
The howler monkey howls!
The orc shouts!
There is an open door here.
The howler monkey hoots and howls with incredible vigour!
You see here 25 arrows.
You close the door.
Found 6 gold pieces.
Found 16 gold pieces.
You see here 6 gold pieces.
You now have 20 gold pieces (gained 6).
An adder comes into view.
The worker ant closely misses you.
Found a short sword.
A giant cockroach comes into view.
The worker ant bites you!
You take 7 damage, and have 11/18 hp.
MASSIVE DAMAGE!!
The worker ant bites you.
* * * LOW HITPOINT WARNING * * *
You take 6 damage, and have 5/18 hp.
MASSIVE DAMAGE!!
The howler monkey hoots and howls with incredible vigour!
You hear a shout!
The adder bites you.
* * * LOW HITPOINT WARNING * * *
You take 2 damage, and have 3/18 hp.
A scorpion and an orc come into view.
The orc is wielding a +1 flail of protection.
The orc shouts!
The adder closely misses you. The worker ant completely misses you.
The adder barely misses you. The adder bites you.
You die...

█ █. █ .█ .██ ....█ s█..
..█ ██ █.██.██ ██..o....
.██████@█...████........
......BS.....o.∆...oBh..
.██████.█...████........
█████.██.██ █.......
█.....)...█ █.....█
█.███B███.█ █...█ █.█


█h█ .█ █▲█ █.█ █.█ █ █(█ █.███.███.█ █.█ You could see a scorpion, a howler
monkey, a worker ant, an adder, an orc and a giant cockroach (wandering).

Vanquished Creatures
  2 jackals (D:5)
2 creatures vanquished.

Notes
Turn   | Place    | Note
-------+----------+-------------------------------------------
     0 | D:5      | Goblin1989 the Demonspawn Delver began the quest for the
                  | Orb.
     0 | D:5      | Reached XP level 1. HP: 18/18 MP: 1/1
    60 | D:4      | Found a runed translucent gate.
    60 | D:4      | Found a runed translucent gate.
    65 | D:4      | Noticed a worker ant
    65 | D:4      | Noticed an orc wizard
    66 | D:4      | Noticed a howler monkey
    74 | D:4      | Noticed a sky beast
   100 | D:4      | Noticed a scorpion
   101 | D:4      | Slain by an adder

Illustrated notes

Levels and vault maps discovered:
D:4:      layout_loops_corners, pdpol_temple_overflow_zin_treasury_gozag_greed,
          lemuel_doored_altar, nemelex_xobeh_ov_fountains_minmay,
          minmay_temple_entry_overgrown, gammafunk_ghost_split,
          minmay_misc_feat_rows, serial_park_tiny_2, lemuel_angel_altar
D:5:      layout_rooms, grunt_temple_overflow_lords_of_destruction

Skill      XL: |  1 |
---------------+----+-----
Short Blades   | 2 |  2.0
Fighting       | |  3.0
Dodging        | |  1.7
Stealth        | |  4.5

Action                   || total
-------------------------++-------
Melee: Short sword       ||     7
Armor: Leather armour    ||     4
Dodge: Dodged            ||     7
